 Dungeon Crawl Stone Soup version 0.31-a0-222-gefeffbb62a (webtiles) character file.

Game seed: 14392520455150176919

338 qw the Chopper (level 6, -2/38 HPs)
             Began as a Gargoyle Fighter on July 5, 2023.
             Slain by Duvessa
             ... wielding a +0 short sword
              (7 damage)
             ... on level 4 of the Dungeon.
             The game lasted 00:01:45 (3018 turns).

qw the Chopper (Gargoyle Fighter)                   Turns: 3018, Time: 00:01:46

Health: -2/38      AC: 14    Str: 21    XL:     6   Next: 55%
Magic:  6/6        EV: 14    Int:  9    God:
Gold:   415        SH:  4    Dex:  9    Spells: 5/5 levels left

rFire   . . .        Y - +0 war axe
rCold   . . .        c - +0 buckler
rNeg    + . .        b - +0 scale mail
rPois   inf          (no helmet)
rElec   +            (no cloak)
rCorr   .            (no gloves)
SInv    .            l - +2 pair of boots
Will    .....        (no amulet) Stlth
                     m - +5 ring of evasion
HPRegen 0.26/turn    (no ring)
MPRegen 0.10/turn

%: no passive effects
@: no status effects
A: sickness immunity, AC +4, negative energy resistance 1, electricity
resistance, torment resistance 1, petrification resistance
a: no special abilities


You were on level 4 of the Dungeon.
You visited 1 branch of the dungeon, and saw 4 of its levels.
You also visited: Ossuary.

You collected 415 gold pieces.


Innate Abilities, Weirdness & Mutations

You are immune to sickness and miasma.
Your stone body is resilient. (AC +4)
You are immune to poison.
You resist negative energy. (rN+)
You are resistant to electric shocks. (rElec)
You are resistant to unholy torment.
You are immune to petrification.


   Skills:
 - Level 4.0 Fighting
 + Level 5.3 Axes
 - Level 1.1 Throwing
 - Level 3.2 Armour
 - Level 1.1 Dodging
 - Level 3.2 Shields


You had 5 spell levels left.
You didn't know any spells.
Your spell library was empty.

Inventory:

Hand Weapons
 e - a +0 whip
 Y - a +0 war axe (weapon)
Missiles
 i - 3 javelins (quivered)
 n - a boomerang
Armour
 b - a +0 scale mail (worn)
 c - a +0 buckler (worn)
 g - a +0 pair of gloves
 l - a +2 pair of boots (worn)
Jewellery
 m - a +5 ring of evasion (left hand)
Wands
 h - a wand of digging (7)
Scrolls
 a - a scroll of identify
Potions
 d - 2 potions of might
 f - 3 potions of lignification
 j - a potion of curing {unknown}
 k - a potion of enlightenment
 o - a potion of attraction {unknown}
 p - a potion of berserk rage {unknown}
 q - a potion of haste
 t - a potion of magic
 u - a potion of cancellation {unknown}
 x - a potion of heal wounds {unknown}
 z - a potion of mutation {unknown}

Dungeon Overview and Level Annotations

Branches:
Dungeon (4/15)            Ossuary (visited)
 Temple: D:4-7

Altars:
Makhleb
Trog
Uskayaw
Zin

Annotations:
D:4 Duvessa


Message History

You closely miss Dowan.
Dowan is almost dead.
You hit Duvessa but do no damage.
Duvessa says, "When magic and the sword combine, nothing stands against them."
You block Duvessa's attack. Dowan completely misses you.
Duvessa hits you with a +0 short sword.
You closely miss Dowan.
Dowan is almost dead.
You hit Duvessa. You block Duvessa's attack. Dowan misses you.
You hit Dowan but do no damage.
Dowan is almost dead.
You barely miss Duvessa. Duvessa hits you but does no damage.
Dowan gestures at you while chanting. The puff of frost misses you.
Duvessa hits you but does no damage. Dowan barely misses you.
Duvessa barely misses you.
You hit Dowan but do no damage.
Dowan is almost dead.
You closely miss Duvessa. Duvessa misses you.
Dowan hits you with a +1 dagger of electrocution.
You closely miss Dowan.
Dowan is almost dead.
You hit Duvessa. Duvessa hits you but does no damage.
Dowan points at you and mumbles some strange words.
The puff of frost misses you. Duvessa hits you with a +0 short sword.
You hit Dowan but do no damage.
Dowan is almost dead.
You hit Duvessa but do no damage. Duvessa hits you with a +0 short sword.
Dowan hits you with a +1 dagger of electrocution.
You block Duvessa's attack.
You hit Dowan.
You kill Dowan!
Duvessa screams, "No!
How DARE you!"
Duvessa goes berserk!
You hit Duvessa. Duvessa hits you with a +0 short sword!
You die...

######### #e)..>...
#+ #@# ##### .##.
#.# ##...## ..#.
#######.###.....##
#.#.
#........#.....).#.
#.#.
#.#####......_...#.
#.#.
#...#.......#.##.#.
#...##.....##....#.
#>...##...###..>..¤
#.....#########.)#¤


You could see Duvessa (berserk, fast).

Vanquished Creatures
  A scorpion (D:3)
  Dowan (D:4)
  A hound (D:4)
  An iguana (D:4)
  8 mummies (Ossuary)
  4 adders
  A shadow imp (D:4)
  A worm (D:4)
  2 dart slugs
  3 orcs (D:3)
  9 bats
  3 endoplasms
  A giant cockroach (D:1)
  2 gnoll zombies (Ossuary)
  6 hobgoblins
  4 kobolds
  4 quokkas
  7 ball pythons
  2 frilled lizards
  5 goblins
  3 hobgoblin zombies (Ossuary)
  A kobold zombie (Ossuary)
  2 orc zombies (Ossuary)
  5 rats
77 creatures vanquished.

Notes
Turn   | Place    | Note
-------+----------+-------------------------------------------
     0 | D:1      | qw the Gargoyle Fighter began the quest for the Orb.
     0 | D:1      | Reached XP level 1. HP: 14/14 MP: 1/1
     0 | D:1      | 0 ||| qw: Version: 0.3-a-46-gb1f654a
     0 | D:1      | 0 ||| qw: Game counter: 1012
     0 | D:1      | 0 ||| qw: Melee chars always use a shield: true
     0 | D:1      | 0 ||| qw: God list: Okawaru
     0 | D:1      | 0 ||| qw: Allow faded altars: false
     0 | D:1      | 0 ||| qw: Do Orc after clearing Dungeon:15 true
     0 | D:1      | 0 ||| qw: Do second Lair branch before Depths: true
     0 | D:1      | 0 ||| qw: Lair rune preference: random
     0 | D:1      | 0 ||| qw: Goals: Normal, Zot:1-4, Slime:5, God:TSO, Crypt,
                  | Tomb, Abyss, Pan, Hells, Win
     0 | D:1      | 0 ||| PLANNING D:1-11
    64 | D:1      | Reached skill level 2 in Axes
   196 | D:1      | Reached XP level 2. HP: 16/19 MP: 2/2
   509 | D:1      | Reached skill level 3 in Axes
   521 | D:1      | Reached XP level 3. HP: 23/23 MP: 3/3
   788 | D:1      | 788 ||| READING scroll labelled CEZEDY YPOU.
   789 | D:1      | 789 ||| READING scroll labelled PEFUNY DEI.
  1022 | D:2      | 1022 ||| Stepping ~*~*~tactically~*~*~ (stealth).
  1138 | D:2      | 1138 ||| DROPPING +0 club.
  1695 | D:2      | 1695 ||| DRINKING 2 white potions.
  1696 | D:2      | 1696 ||| READING 2 scrolls of identify.
  1696 | D:2      | 1696 ||| IDENTIFYING fuming amethyst potion
  1697 | D:2      | 1697 ||| DROPPING potion of degeneration.
  1734 | D:3      | 1734 ||| Stepping ~*~*~tactically~*~*~ (stealth).
  1800 | D:3      | Reached XP level 4. HP: 27/28 MP: 4/4
  1819 | D:3      | Found a glowing silver altar of Zin.
  1952 | D:3      | 1952 ||| Stepping ~*~*~tactically~*~*~ (hiding).
  1954 | D:3      | 1954 ||| Stepping ~*~*~tactically~*~*~ (hiding).
  1956 | D:3      | 1956 ||| Stepping ~*~*~tactically~*~*~ (hiding).
  1957 | D:3      | 1957 ||| Stepping ~*~*~tactically~*~*~ (hiding).
  1958 | D:3      | 1958 ||| Stepping ~*~*~tactically~*~*~ (hiding).
  1971 | D:3      | Reached skill level 1 in Throwing
  2142 | D:3      | Reached skill level 4 in Axes
  2165 | D:3      | Found a hide-covered altar of Uskayaw.
  2270 | D:3      | 2270 ||| UPGRADING to +0 pair of boots.
  2275 | D:3      | 2275 ||| UPGRADING to +5 ring of evasion.
  2301 | D:4      | Noticed a scorpion
  2302 | D:4      | 2302 ||| PLANNING OSSUARY
  2309 | D:4      | 2309 ||| STAIRDANCE
  2311 | D:3      | Killed a scorpion
  2312 | D:3      | Reached XP level 5. HP: 25/32 MP: 5/5
  2365 | D:4      | Reached skill level 5 in Axes
  2400 | D:4      | 2400 ||| Stepping ~*~*~tactically~*~*~ (stealth).
  2419 | D:4      | Found a sand-covered staircase.
  2428 | Ossuary  | Entered an ossuary
  2441 | Ossuary  | Reached XP level 6. HP: 38/38 MP: 6/6
  2503 | Ossuary  | Reached skill level 1 in Dodging
  2788 | Ossuary  | 2788 ||| READING 3 scrolls labelled IVAULOL KENUS.
  2789 | Ossuary  | 2789 ||| READING 2 scrolls of enchant armour.
  2789 | Ossuary  | 2789 ||| ENCHANTING +0 pair of boots.
  2790 | Ossuary  | 2790 ||| READING scroll of enchant armour.
  2790 | Ossuary  | 2790 ||| ENCHANTING +1 pair of boots.
  2791 | Ossuary  | 2791 ||| READING scroll labelled SUHENK CASEUF.
  2792 | Ossuary  | 2792 ||| READING scroll labelled FUACSI POOH.
  2793 | Ossuary  | 2793 ||| READING scroll labelled UMUPSO TUUCU.
  2823 | Ossuary  | 2823 ||| DRINKING 2 green potions.
  2824 | Ossuary  | 2824 ||| DRINKING 2 red potions.
  2825 | Ossuary  | 2825 ||| DRINKING 2 emerald potions.
  2826 | Ossuary  | 2826 ||| DRINKING 2 metallic green potions.
  2827 | Ossuary  | 2827 ||| READING 2 scrolls of identify.
  2827 | Ossuary  | 2827 ||| IDENTIFYING dark potion
  2828 | Ossuary  | 2828 ||| DROPPING potion of ambrosia.
  2829 | Ossuary  | 2829 ||| DROPPING potion of invisibility.
  2849 | D:4      | 2849 ||| PLANNING D:1-11
  2861 | D:4      | 2861 ||| Stepping ~*~*~tactically~*~*~ (stealth).
  2863 | D:4      | 2863 ||| Stepping ~*~*~tactically~*~*~ (stealth).
  2896 | D:4      | Found a bloodstained altar of Trog.
  2979 | D:4      | Found a burning altar of Makhleb.
  2992 | D:4      | Noticed Dowan
  2992 | D:4      | Noticed Duvessa
  2993 | D:4      | 2993 ||| Stepping ~*~*~tactically~*~*~ (hiding).
  3017 | D:4      | HP: 8/38 [Duvessa/+0 short sword (5)]
  3018 | D:4      | Killed Dowan
  3018 | D:4      | Slain by Duvessa

Levels and vault maps discovered:
D:1:      matt_arrival_refuge, layout_basic, corexii_corridor_pit,
          dk_noncrumbling_2, minmay_liquid_box
D:2:      layout_basic, serial_rivers, chequers_serial_rivers_room_b,
          chequers_serial_rivers_room_b, chequers_serial_rivers_micro_d,
          chequers_serial_rivers_large_a
D:3:      layout_rooms, lemuel_coloured_pillars_altar,
          mainiacjoe_overflow_brackets
D:4:      nicolae_cairo_tiling_large, layout_loops_ring, lemuel_round_altar,
          mainiacjoe_overflow_six_doors_small, kennysheep_mini_moat,
          enter_ossuary_1, dreamdust_wishing_well, uniq_ijyb, uniq_duvessa

Skill      XL: |  1  2  3  4  5  6 |
---------------+-------------------+-----
Axes           | 2 3 4 5 |  5.3
Throwing       | 1 |  1.1
Fighting       | 4 |  4.0
Dodging        | 1 |  1.1
Armour         | |  3.2
Shields        | |  3.2

Action                     |  1- 3 |  4- 6 || total
---------------------------+-------+-------++-------
  Melee: War axe           |   131 |   123 ||   254
  Throw: Javelin           |       |    24 ||    24
         Boomerang         |       |    29 ||    29
    Use: Scroll            |     3 |     7 ||    10
         Potion            |     1 |     4 ||     5
 Armour: Scale mail        |    71 |    54 ||   125
  Dodge: Dodged            |    50 |    71 ||   121
  Block: Buckler           |    34 |    18 ||    52

Table legend:
 A = Non-vault XP
 B = Vault XP
 C = Vault XP percentage of total XP
 D = Non-vault monster count
 E = Vault monster count
 F = Vault count percentage of total count
                 A         B        C        D         E       F
            +---------+---------+-------+---------+---------+-------
      Total |     327 |     224 |  40.7 |      60 |      17 |  22.1
            +---------+---------+-------+---------+---------+-------
        D:1 |      41 |       0 |   0.0 |      25 |       0 |   0.0
        D:2 |      31 |       0 |   0.0 |      12 |       0 |   0.0
        D:3 |     152 |       0 |   0.0 |      16 |       0 |   0.0
        D:4 |     103 |      67 |  39.4 |       7 |       1 |  12.5
    Ossuary |       0 |     157 | 100.0 |       0 |      16 | 100.0
            +---------+---------+-------+---------+---------+-------
